 Dungeon Crawl Stone Soup version 0.29-a0-477-g62b78b4225 (webtiles) character file.

Game seed: 6360733812372341759

27822 snarfax the Severer (level 13, -5/125 HPs)
             Began as a Minotaur Berserker on May 24, 2022.
             Was an Elder of Trog.
             Slain by a blink frog (17 damage)
             ... on level 2 of the Lair of Beasts.
             The game lasted 00:48:09 (14200 turns).

snarfax the Severer (Minotaur Berserker)           Turns: 14200, Time: 00:48:09

Health: -5/125     AC:  5    Str: 26    XL:     13   Next: 6%
Magic:  12/12      EV: 12    Int:  6    God:    Trog [****..]
Gold:   950        SH:  0    Dex: 11    Spells: 12/12 levels left

rFire   . . .      SeeInvis +   z - +8 battleaxe of Waejuuch {flame, rC+ Str+2}
rCold   + . .      Faith    .   (shield currently unavailable)
rNeg    . . .      Spirit   .   (no body armour)
rPois   +          Reflect  .   (helmet restricted)
rElec   .          Harm     .   (no cloak)
rCorr   .          Rampage  .   l - +2 pair of gloves
Will    ++...                   A - +1 pair of boots
Stlth   +.........              (no amulet)
HPRegen 1.30/turn               e - ring of poison resistance
MPRegen 0.13/turn               C - ring of see invisible

@: strong-willed, regenerating
A: horns 2, retaliatory headbutt
a: Renounce Religion, Berserk, Trog's Hand, Brothers in Arms


You were on level 2 of the Lair of Beasts.
You worshipped Trog.
Trog was greatly pleased with you.
You visited 2 branches of the dungeon, and saw 14 of its levels.
You visited the Abyss 1 time.
You also visited: Volcano.

You collected 1067 gold pieces.
You spent 117 gold pieces at shops.

Inventory:

Hand Weapons
 a - a +0 hand axe
 f - a +3 hand axe of electrocution
 j - the +9 hand axe of the Candelabrum {vorpal, *Corrode rF+ rC+++ Dex+3}
   (You found it on level 4 of the Dungeon)

   It inflicts extra damage upon your enemies.
   Dex:       It affects your dexterity (+3).
   rF:        It protects you from fire.
   rC:        It renders you almost immune to cold.
   *Corrode:  It may corrode you when you take damage.
 y - a +5 war axe
 z - the +8 battleaxe of Waejuuch (weapon) {flame, rC+ Str+2}
   (Trog gifted it to you on level 8 of the Dungeon)

   It burns those it strikes, dealing additional fire damage.
   Big, fiery blades are also staple armaments of hydra-hunters.
   Str:       It affects your strength (+2).
   rC:        It protects you from cold.
Missiles
 d - 4 poisoned darts (quivered)
 h - 6 boomerangs
 w - a throwing net
Armour
 l - a +2 pair of gloves (worn)
 n - a +1 plate armour
 t - +0 swamp dragon scales
 A - a +1 pair of boots (worn)
 I - a +2 chain mail of fire resistance
Jewellery
 e - a ring of poison resistance (left hand)
 C - a ring of see invisible (right hand)
Wands
 o - a wand of flame (36)
 u - a wand of iceblast (17)
 B - a wand of charming (8)
 E - a wand of mindburst (3)
Scrolls
 b - a scroll of identify
 c - a scroll of fog
 v - a scroll of magic mapping
 x - 3 scrolls of enchant weapon
 D - a scroll of poison
 F - a scroll of fear
 G - a scroll of amnesia
Potions
 g - a potion of cancellation
 i - a potion of attraction
 k - 4 potions of flight
 m - 4 potions of curing
 p - 5 potions of mutation
 q - 2 potions of resistance
 r - a potion of haste
 s - 3 potions of might
 H - a potion of magic


   Skills:
 + Level 14.7 Fighting
 - Level 20.0 Axes
 - Level 10.0 Armour
 - Level 2.1 Dodging


You had 12 spell levels left.
You didn't know any spells.
Your spell library was empty.

Dungeon Overview and Level Annotations

Branches:
Dungeon (12/15)            Temple (0/1) D:6            Lair (2/6) D:9
 Shoals (0/4) Lair:2        Snake (0/4) Lair:2          Orc (0/2) D:9
Volcano (visited)

Altars:
Cheibriados
Nemelex Xobeh
Okawaru
Wu Jian
Xom

Shops:
D:7 (   D:9 *!


Innate Abilities, Weirdness & Mutations

You have a pair of horns on your head.
You reflexively headbutt those who attack you in melee.


Message History

You closely miss the blink frog. You slice the blink frog!!
You burn the blink frog!
You kill the blink frog!
Trog accepts your kill. The blink frog hits you!
The centaur wields a +0 shortbow.
The centaur shoots an arrow.
The arrow hits you.
* * * LOW HITPOINT WARNING * * *
You slash the centaur! You burn the centaur.
The centaur is heavily wounded.
You closely miss the blink frog. The centaur misses you.
You furiously retaliate!
You headbutt the centaur! The centaur barely misses you.
The blink frog barely misses you.
A centaur comes into view.
Unknown command.
Your skin crawls.
You feel strong-willed.
The centaur shoots an arrow.
The arrow misses you.
The arrow closely misses the blink frog.
The blink frog blinks!
The blink frog hits you!
* * * LOW HITPOINT WARNING * * *
The centaur barely misses you. The centaur kicks you.
* * * LOW HITPOINT WARNING * * *
The blink frog blinks!
The centaur shoots an arrow.
The arrow hits you.
* * * LOW HITPOINT WARNING * * *
The blink frog closely misses you.
You slice the centaur!! You burn the centaur.
You kill the centaur!
Trog accepts your kill.
You slash the blink frog! You burn the blink frog.
The centaur shoots an arrow.
The arrow hits you.
* * * LOW HITPOINT WARNING * * *
The blink frog blinks!
You fail to use your ability.
The centaur shoots an arrow.
The arrow hits you!
* * * LOW HITPOINT WARNING * * *
Unknown command.
You fail to use your ability.
The blink frog blinks! x2
The centaur unwields a +0 shortbow.
The centaur barely misses you. You furiously retaliate!
You headbutt the centaur. The centaur misses you. The blink frog hits you!
You die...

,,,,,,,,,,,,,,,,,* *,,,,,+,,,,,+,
,,,,,,,>,...P..#.# *#+....,#....#
*,,,,,,,,....P...####.##.###....#
*,,,,,,,,........#P.P..#..##....#
*,,,,,,,,...P..............>...P.
**,,,,,,,.P......................
**,,,,,,.P......................
*,,,,,,,.....§†)F...............
**,,,,,,......c@§...............
*,,,,,,,......§....##...#.......
***∩,,,,..........###.###P......
*,,*,,.#.#.....##*#.#*##....PP
*,,,,,+F*##....P**...*.....!#.
**,**,,.,,,#...F###....#.....#.
*,,,,,,,,,,#.....*....+......##
*,,**,,,,,*.....##....###....#.
**,,****,*,*,,,,**,*+** *,,,,**


You could see 3 blink frogs and a centaur.

Vanquished Creatures
  2 hydras
  2 boulder beetles (D:11)
  2 two-headed ogres
  Erica (Lair:1)
  A dancing weapon (Volcano)
  A thrashing horror (Abyss:2)
  Amaemon (Lair:2)
  A wretched star (Abyss:2)
  5 wizards (Volcano)
  2 cyclopes
  A manticore (D:11)
  An ugly thing (D:11)
  5 toenail golems (Volcano)
  A black mamba (Lair:2)
  2 molten gargoyles (D:12)
  A rust devil (Abyss:2)
  An orange demon (Lair:2)
  A gargoyle (D:11)
  Maggie (D:6)
  3 cane toads (Lair:1)
  A rime drake (Lair:1)
  3 komodo dragons
  2 trolls (D:12)
  A polar bear (Lair:1)
  A hornet (D:6)
  2 raiju (Abyss:2)
  2 blink frogs (Lair:2)
  2 large abominations (Abyss:2)
  Sigmund (D:5)
  2 wraiths
  4 wyverns
  2 shadows
  2 ynoxinuls (Abyss:2)
  17 yaks
  Grum (Lair:1)
  Edmund (D:6)
  4 water moccasins (Lair:1)
  2 acid dragons
  Duvessa (D:6)
  2 ice beasts
  2 orc warriors
  A black bear (D:8)
  3 ogres (D:6)
  4 wolves
  2 centaurs
  2 phantoms (D:9)
  A kobold brigand (D:11)
  Blork the orc (D:5)
  7 bullfrogs
  5 gnoll sergeants (D:7)
  6 scorpions
  17 wights
  Dowan (D:6)
  17 killer bees
  5 howler monkeys
  4 lava snakes (D:12)
  5 hounds
  A quasit (Abyss:2)
  2 jellies
  3 orc priests
  2 gnoll shamans (D:7)
  5 iguanas
  Natasha (twice) (D:2)
  10 orc wizards
  6 ogre zombies (D:9)
  24 gnolls
  10 adders
  A shadow imp (D:6)
  A white imp (Abyss:2)
  2 worms (D:3)
  3 dart slugs
  29 orcs
  3 ball pythons
  8 endoplasms
  11 goblins
  6 hobgoblins
  6 jackals
  9 quokkas
  6 bats
  6 frilled lizards
  2 goblin zombies (D:9)
  2 hobgoblin skeletons (D:9)
  A hobgoblin zombie (D:9)
  13 kobolds
  An orc skeleton (D:9)
  13 orc zombies (D:9)
  6 rats
365 creatures vanquished.

Vanquished Creatures (collateral kills)
  A tentacled starspawn (Abyss:2)
  The ghost of siradein the Fighter, a journeyman TrBe of Trog (D:10)
  A thrashing horror (Abyss:2)
  Nergalle (D:12)
  A rust devil (Abyss:2)
  A large abomination (Abyss:2)
  2 vampire mosquitoes (D:12)
  An acid dragon (D:12)
  2 starspawn tentacles (Abyss:2)
11 creatures vanquished.

Vanquished Creatures (others)
  A lava snake (D:12)
  An orc (D:6)
  2 fungi
  8 plants
12 creatures vanquished.

Grand Total: 388 creatures vanquished

Notes
Turn   | Place    | Note
-------+----------+-------------------------------------------
     0 | D:1      | snarfax the Minotaur Berserker began the quest for the Orb.
     0 | D:1      | Reached XP level 1. HP: 19/19 MP: 0/0
    27 | D:1      | Reached skill level 4 in Axes
   182 | D:1      | Reached XP level 2. HP: 24/26 MP: 1/1
   425 | D:1      | Reached skill level 5 in Axes
   737 | D:2      | Found a shimmering altar of Xom.
   814 | D:2      | Reached XP level 3. HP: 28/31 MP: 2/2
  1308 | D:2      | Reached ** piety under Trog
  1355 | D:2      | Noticed Natasha
  1358 | D:2      | Killed Natasha
  1359 | D:2      | Reached skill level 6 in Axes
  1359 | D:2      | Reached XP level 4. HP: 33/39 MP: 3/3
  1448 | D:2      | Noticed Natasha
  1454 | D:2      | Killed Natasha
  1678 | D:3      | Reached skill level 7 in Axes
  1678 | D:3      | Reached XP level 5. HP: 40/45 MP: 4/4
  2377 | D:3      | Found an iron altar of Okawaru.
  2475 | D:3      | Found a snail-covered altar of Cheibriados.
  2481 | D:3      | Reached skill level 8 in Axes
  2580 | D:4      | Identified the +9 hand axe of the Candelabrum {vorpal,
                  | *Corrode rF+ rC+++ Dex+3}
  2593 | D:4      | Noticed an orc warrior
  2608 | D:3      | Killed an orc warrior
  2609 | D:3      | Reached XP level 6. HP: 39/51 MP: 5/5
  2760 | D:4      | Reached skill level 9 in Axes
  2780 | D:4      | Reached *** piety under Trog
  3439 | D:5      | Entered Level 5 of the Dungeon
  3486 | D:5      | Reached XP level 7. HP: 53/57 MP: 6/6
  3711 | D:5      | Reached skill level 10 in Axes
  3861 | D:5      | Noticed Blork the orc
  3875 | D:5      | Killed Blork the orc
  4029 | D:5      | Noticed Sigmund
  4040 | D:5      | Killed Sigmund
  4041 | D:5      | Reached skill level 11 in Axes
  4078 | D:6      | Reached XP level 8. HP: 64/64 MP: 7/7
  4122 | D:6      | Found a staircase to the Ecumenical Temple.
  4174 | D:6      | Reached skill level 12 in Axes
  4339 | D:6      | Noticed Maggie
  4354 | D:6      | Killed Maggie
  4355 | D:6      | Reached skill level 13 in Axes
  4591 | D:6      | Noticed a hornet
  4682 | D:6      | Reached **** piety under Trog
  4683 | D:6      | Reached skill level 14 in Axes
  4729 | D:6      | Killed a hornet
  4730 | D:6      | Reached skill level 5 in Fighting
  4730 | D:6      | Reached XP level 9. HP: 66/74 MP: 8/8
  4782 | D:6      | Noticed Edmund
  4788 | D:6      | Killed Edmund
  4986 | D:6      | Noticed Duvessa
  4986 | D:6      | Noticed Dowan
  4998 | D:6      | Killed Duvessa
  5003 | D:6      | Killed Dowan
  5566 | D:7      | Reached ***** piety under Trog
  5820 | D:7      | Reached skill level 10 in Fighting
  6072 | D:7      | Found Guupiz's Antique Weapon Boutique.
  6242 | D:7      | Reached skill level 5 in Armour
  6445 | D:8      | Noticed a two-headed ogre
  6499 | D:7      | Killed a two-headed ogre
  6500 | D:7      | Reached XP level 10. HP: 47/93 MP: 9/9
  6872 | D:8      | Identified the +8 battleaxe of Waejuuch {flame, rC+ Str+2}
                  | (Trog gifted it to you on level 8 of the Dungeon)
  6872 | D:8      | Received a gift from Trog
  6936 | D:8      | Found a sparkling altar of Nemelex Xobeh.
  7014 | D:8      | Found an ornate altar of the Wu Jian Council.
  7399 | D:9      | Found Jenoecas's Profane Products.
  7468 | D:9      | Found a staircase to the Lair.
  7706 | D:9      | Found a staircase to the Orcish Mines.
  7796 | D:9      | Found Ramyxibu's Distillery.
  7804 | D:9      | Bought a potion of heal wounds for 65 gold pieces
  7804 | D:9      | Bought a potion of might for 52 gold pieces
  8274 | D:10     | Entered Level 10 of the Dungeon
  8442 | D:10     | Reached skill level 15 in Axes
  8532 | D:10     | Found a runed translucent door.
  8534 | D:10     | Noticed siradein's ghost (journeyman TrBe)
  8571 | D:10     | Noticed a two-headed ogre
  8574 | D:10     | Killed a two-headed ogre
  8575 | D:10     | Reached skill level 10 in Armour
  8672 | D:10     | Reached XP level 11. HP: 99/99 MP: 10/10
  8779 | D:10     | Found a shimmering altar of Xom.
  9030 | D:10     | Killed siradein's ghost
  9031 | D:10     | Reached skill level 16 in Axes
  9362 | D:11     | Noticed a five-headed hydra
  9370 | D:11     | Killed a one-headed hydra
  9516 | D:11     | Noticed a boulder beetle
  9529 | D:11     | Killed a boulder beetle
  9530 | D:11     | Reached skill level 17 in Axes
  9650 | D:11     | Noticed a white ugly thing
  9650 | D:11     | Noticed a boulder beetle
  9813 | D:11     | Killed a white ugly thing
  9911 | D:11     | Killed a boulder beetle
  9912 | D:11     | Reached skill level 18 in Axes
 10732 | D:12     | Noticed Nergalle
 10750 | D:12     | Noticed a spectral orc warlord
 11060 | D:12     | Killed Nergalle
 11061 | D:12     | Reached skill level 19 in Axes
 11061 | D:12     | Reached XP level 12. HP: 49/94 MP: 11/11
 11166 | Lair:1   | Entered Level 1 of the Lair of Beasts
 11273 | Lair:1   | Noticed Grum
 11286 | Lair:1   | Killed Grum
 11607 | Lair:1   | Noticed Erica
 11614 | Lair:1   | Killed Erica
 11727 | Lair:1   | Reached skill level 20 in Axes
 12478 | Lair:1   | Noticed a six-headed hydra
 12489 | Lair:1   | Killed a two-headed hydra
 12800 | Lair:2   | Noticed Amaemon
 12813 | Lair:2   | Killed Amaemon
 12831 | Lair:2   | Found a dark tunnel.
 12836 | Volcano  | Entered a volcano
 13141 | Volcano  | Cast into level 2 of the Abyss (a wizard)
 13219 | Abyss:2  | Found a corrupted altar of Lugonu.
 13364 | Abyss:2  | Found a corrupted altar of Lugonu.
 13405 | Abyss:2  | Noticed a tentacled starspawn
 13410 | Abyss:2  | Killed a tentacled starspawn
 13454 | Volcano  | Escaped the Abyss
 13836 | Volcano  | Reached XP level 13. HP: 95/125 MP: 12/12
 14200 | Lair:2   | Slain by a blink frog

Illustrated notes

Levels and vault maps discovered:
D:1:      lemuel_arrival_hallway, layout_rooms
D:2:      layout_basic, basic_altar, uniq_natasha
D:3:      layout_rooms, kennysheep_okawaru_gauntlet, chei_slow_surprise,
          minmay_misc_feat_doors
D:4:      cheibrodos_quashed, layout_basic
D:5:      layout_rooms, uniq_sigmund, uniq_blork_the_orc
D:6:      layout_loops_ring, minmay_temple_entry_gardened_gates, uniq_maggie,
          uniq_edmund, uniq_duvessa
D:7:      layout_cave_pools, serial_gnoll_camp, gnoll_camp_mini_house,
          gnoll_camp_mini_shop, gnoll_camp_huts_basic, gnoll_camp_mini_hut,
          gnoll_camp_mini_sergeant, gnoll_camp_mini_basic
D:8:      layout_basic, mainiacjoe_overflow_surrounded_room,
          nemelex_spade_bored_becter
D:9:      layout_irregular_city, lair_entry_dummy, zombieorc1_lemuel,
          serial_shops, nicolae_shop_hallway_stairs, nicolae_evil_shop
D:10:     layout_cross, mainiacjoe_overflow_catwalk,
          ebering_ghost_reflecting_pool
D:11:     layout_rooms
D:12:     cheibrodos_magma_flow, layout_layer_cave, serial_glass,
          glass_columns_a, glass_columns_c, glass_columns_a, glass_columns_a,
          glass_columns_b, glass_columns_b, nicolae_uskayaw_suspiria,
          uniq_nergalle
Lair:1:   wad_woods_structure_01, layout_regular_city, uniq_grum, uniq_erica
Lair:2:   cheibrodos_lair_river_kwai, layout_regular_city,
          minmay_shoals_entry_centaurs, dummy_snake_entry, enter_volcano_4,
          gauntlet_entry_generic, serial_bayou_lake_a, uniq_urug, uniq_amaemon,
          uniq_harold

Skill      XL: |  1  2  3  4  5  6  7  8  9 10 11 12 |
---------------+-------------------------------------+-----
Axes           | 4 5 6 7 8 9 11 14 15 19 20 | 20.0
Fighting       | 5 10 14 | 14.7
Armour         | 6 10 | 10.0
Dodging        | |  2.1

Action                   |  1- 3 |  4- 6 |  7- 9 | 10-12 | 13-15 || total
-------------------------+-------+-------+-------+-------+-------++-------
Melee: Hand axe          |    62 |   129 |   274 |    19 |       ||   484
       Headbutt          |    11 |    16 |    53 |    74 |     2 ||   156
       Punch             |       |     2 |     4 |       |       ||     6
       Battleaxe         |       |       |       |   399 |    11 ||   410
Throw: Boomerang         |       |     8 |     2 |       |       ||    10
       Dart              |       |       |     3 |       |       ||     3
Invok: Trog's Hand       |       |       |     1 |     5 |     1 ||     7
       Berserk           |       |       |     1 |       |       ||     1
       Brothers in Arms  |       |       |       |     7 |       ||     7
  Use: Scroll            |       |    12 |     2 |    13 |       ||    27
       Potion            |       |       |       |    10 |       ||    10
 Stab: Distracted        |       |       |       |     1 |       ||     1
Armor: Animal skin       |     7 |       |       |       |       ||     7
       Ring mail         |    13 |    22 |       |       |       ||    35
       Plate armour      |       |    18 |    18 |   157 |     1 ||   194
       Swamp dragon scal |       |       |    58 |    20 |       ||    78
       Skin              |       |       |       |       |     2 ||     2
       Chain mail        |       |       |       |       |     1 ||     1
Dodge: Dodged            |    37 |    53 |    81 |   118 |    21 ||   310
Block: Kite shield       |       |       |     4 |     2 |       ||     6

Table legend: (Time is in decaauts)
 A = Elapsed time spent in this place.
 B = Non-inter-level travel time spent in this place.
 C = Inter-level travel time spent in this place.
 D = Time resting spent in this place.
 E = Time spent auto-exploring this place.
 F = Levels seen in this place.
 G = Mean time per level.
                   A        B        C        D        E       F      G
               +--------+--------+--------+--------+--------+-----+--------+
         Total |  14039 |  13721 |    318 |   2260 |   8930 |  16 |  877.4 |
       Dungeon |  11060 |  10768 |    292 |   1548 |   7260 |  12 |  921.7 |
          Lair |   1687 |   1661 |     26 |    164 |   1225 |   2 |  843.5 |
         Abyss |    298 |    298 |      0 |     90 |     78 |   1 |  298.0 |
       Volcano |    993 |    993 |      0 |    457 |    367 |   1 |  993.0 |
               +--------+--------+--------+--------+--------+-----+--------+

Top non-repeatable levels by time:
  Lair:1: 1590 daAuts
     D:6: 1339 daAuts
     D:7: 1169 daAuts
     D:3: 1097 daAuts
    D:10: 1085 daAuts
 Volcano: 993 daAuts
    D:12: 940 daAuts
     D:9: 912 daAuts
    D:11: 834 daAuts
     D:2: 809 daAuts
     D:4: 794 daAuts
     D:1: 731 daAuts
     D:8: 724 daAuts
     D:5: 621 daAuts
 Abyss:2: 298 daAuts
